 Dungeon Crawl Stone Soup version 0.20-a0-432-g25cc1b4 (webtiles) character file.

9882 Faca the Fighter (level 11, -11/73 HPs)
             Began as a Gargoyle Fighter on Dec 31, 2016.
             Was a High Priest of Okawaru.
             Killed from afar by a wretched star (21 damage)
             ... with an orb of energy
             ... on level 2 of the Abyss on Jan 2, 2017.
             The game lasted 00:29:31 (9427 turns).

Faca the Fighter (Gargoyle Fighter)                 Turns: 9427, Time: 00:29:31

Health: -11/73     AC: 24    Str: 29    XL:     11   Next: 53%
Magic:  11/11      EV:  7    Int:  4    God:    Okawaru [*****.]
Gold:   523        SH: 13    Dex: 15    Spells: 10/10 levels left

rFire  . . .     SeeInvis .     t - +1 morningstar
rCold  . . .     Gourm    .     e - +0 plate armour
rNeg   + . .     Faith    .     c - +0 shield
rPois  ∞         Spirit   .     (no helmet)
rElec  +         Reflect  .     i - +1 cloak
rCorr  .         Harm     .     (no gloves)
MR     .....                    (no boots)
Stlth  ..........               (no amulet)
                                F - ring "Qiraezai" {rElec Str+2 Dex+3}
                                B - +6 ring of strength (curse)

@: about to teleport
A: deterioration 2, dopey 2, negative energy resistance 1, electricity
resistance, unbreathing, petrification resistance, rot immunity, subdued magic
3, AC +7
a: Heroism, Finesse, Renounce Religion


You were on level 2 of the Abyss.
You worshipped Okawaru.
Okawaru was extremely pleased with you.
You were not hungry.

You visited 2 branches of the dungeon, and saw 12 of its levels.
You visited the Abyss 1 time.

You collected 523 gold pieces.

Inventory:

Hand Weapons
 d - a +2 whip of electrocution
 t - a +1 morningstar (weapon)
Armour
 c - a +0 shield (worn)
 e - a +0 plate armour (worn)
 i - a +1 cloak (worn)
Jewellery
 y - an uncursed ring of resist corrosion
 z - an uncursed ring of fire
 B - a cursed +6 ring of strength (left hand)
 F - the ring "Qiraezai" (right hand) {rElec Str+2 Dex+3}
   (You found it on level 10 of the Dungeon)

   [ring of strength]

   It affects your strength (+2).
   It affects your dexterity (+3).
   It insulates you from electricity.
Wands
 a - a wand of iceblast (8/15)
 w - a wand of paralysis (15/24)
 E - a wand of lightning (7/15)
Scrolls
 k - 2 scrolls of teleportation
 p - a scroll of acquirement {unknown}
 r - 3 scrolls of fear
 u - 6 scrolls of remove curse
 v - a scroll of recharging
Potions
 b - a potion of resistance {unknown}
 g - 3 potions of heal wounds
 j - 2 potions of berserk rage
 l - a potion of invisibility
 o - a potion of agility
 q - 2 potions of curing
 s - 2 potions of haste
 x - 2 potions of brilliance
 A - a potion of lignification {unknown}
 C - a potion of ambrosia {unknown}
Comestibles
 f - 4 bread rations
 h - 3 beef jerkies
 m - a royal jelly
 n - a meat ration
 D - a slice of pizza


   Skills:
 + Level 10.3 Fighting
 + Level 9.1 Maces & Flails
 + Level 10.3 Armour
 + Level 10.3 Shields


You had 10 spell levels left.
You didn't know any spells.

Dungeon Overview and Level Annotations

Branches:
Dungeon (11/15)            Temple (1/1) D:5            Lair (0/6) D:10
    Orc: D:9-12

Altars:
Cheibriados
Dithmenos
Elyvilon
Fedhas
Gozag
Hepliaklqana
Kikubaaqudgha
Okawaru
Ru
Sif Muna
Trog
Uskayaw
Vehumet
Xom
Yredelemnul
Zin

Shops:
D:5 %   D:6 *

Annotations:
D:11 Sonja


Innate Abilities, Weirdness & Mutations

You are resistant to torment.
Your stone body is resilient. (AC +7)
You are immune to poison.
You resist negative energy. (rN+)
You are resistant to electric shocks. (rElec)
You can survive without breathing.
You are immune to petrification.
You are immune to rotting.
[Your body often deteriorates upon taking damage.]
[You are very dopey. (Int -4)]
[Your spells are much easier to cast, but much less powerful.]


Message History

* * * LOW HITPOINT WARNING * * *
The sixfirhy shocks you. You resist.
* * * LOW HITPOINT WARNING * * *
The sixfirhy hits you but does no damage.
The wretched star pulses with an eldritch light!
Your connection to magic feels nearly dormant.
The sixfirhy completely misses you. The raiju closely misses you.
You block the sixfirhy's attack.
The sixfirhy hits you but does no damage. x2
The raiju bursts into living lightning!
The living lightning hits the sixfirhy.
The sixfirhy completely resists.
The living lightning hits you! You resist.
* * * LOW HITPOINT WARNING * * *
The raiju blinks!
You block the sixfirhy's attack.
The wretched star pulses with an eldritch light!
You feel stupid. x2; You feel yourself wasting away.
You feel your body start to fall apart.
The wretched star glows turbulently.
The orb of energy hits you!
You die...

.....#.....#§..§§
#...###...###...#
.....#.....#...
...............
......[.........
........Z.......
.....#.3*..#...
#...###...###...
... #@....# ...
................
................
..........h.....
#.....#.....#...
##...###...###..
#.... ..... ..
..... .....


You could see a wretched star, a sixfirhy, a raiju and a frost giant skeleton.

Vanquished Creatures
  Erolcha (D:10)
  3 two-headed ogres
  The ghost of 5yph0n the Shield-Bearer, a novice FoFi (D:6)
  A cyclops (D:11)
  A centaur skeleton (D:10)
  2 hippogriffs
  A spriggan (D:10)
  3 yaks (D:11)
  A wraith (D:11)
  2 wyverns (D:7)
  A hungry ghost (D:10)
  Duvessa (D:6)
  A water moccasin (D:8)
  An ice beast (D:6)
  2 orc warriors
  3 sky beasts
  A centaur (D:9)
  6 phantoms
  4 ogres
  2 big kobolds
  2 bullfrogs
  Dowan (D:6)
  6 scorpions
  A water moccasin skeleton (D:6)
  The ghost of bige134 the Skirmisher, a weakling DsAK of Lugonu (D:3)
  4 killer bees
  7 wights
  3 howler monkeys
  2 crimson imps
  A quasit (D:10)
  2 centaur zombies (D:9)
  2 bullfrog zombies
  6 hounds
  4 jellies
  7 orc priests
  A bullfrog skeleton (D:11)
  An iron imp (D:8)
  13 orc wizards
  2 iguanas
  5 worker ants
  4 gnolls (D:7)
  10 adders
  6 shadow imps
  2 oozes
  3 worms
  4 dart slugs
  9 leopard geckos
  39 orcs
  6 bats
  7 giant cockroaches
  3 goblins
  5 hobgoblins
  7 jackals
  18 kobolds
  5 quokkas
  3 ball pythons
  6 frilled lizards
  A leopard gecko skeleton (D:7)
  3 rats
250 creatures vanquished.

Notes
Turn   | Place    | Note
-------+----------+-------------------------------------------
     0 | D:1      | Faca the Gargoyle Fighter began the quest for the Orb.
     0 | D:1      | Reached XP level 1. HP: 14/14 MP: 1/1
   214 | D:1      | Reached XP level 2. HP: 18/19 MP: 2/2
   729 | D:2      | Reached XP level 3. HP: 16/23 MP: 3/3
  1102 | D:2      | Found a sacrificial altar of Ru.
  1147 | D:2      | Found a hazy altar of Hepliaklqana.
  1266 | D:2      | Reached XP level 4. HP: 27/29 MP: 4/4
  1354 | D:2      | Found a shimmering altar of Xom.
  1517 | D:3      | Reached XP level 5. HP: 29/33 MP: 5/5
  1618 | D:3      | Noticed bige134's ghost (weakling DsAK)
  1629 | D:3      | Killed bige134's ghost
  1691 | D:3      | Found a faded altar of an unknown god.
  1926 | D:3      | Found a sacrificial altar of Ru.
  2176 | D:3      | Reached XP level 6. HP: 36/39 MP: 6/6
  2208 | D:4      | Noticed a phantom
  2239 | D:4      | Killed a phantom
  2276 | D:4      | Found a radiant altar of Vehumet.
  2516 | D:4      | Reached skill level 5 in Fighting
  2518 | D:4      | Reached skill level 5 in Armour
  2518 | D:4      | Reached skill level 5 in Shields
  2518 | D:4      | Reached XP level 7. HP: 22/44 MP: 7/7
  3008 | D:5      | Entered Level 5 of the Dungeon
  3008 | D:5      | Found a staircase to the Ecumenical Temple.
  3012 | Temple   | Entered the Ecumenical Temple
  3044 | Temple   | Became a worshipper of Warmaster Okawaru
  3142 | D:5      | Found a bloodstained altar of Trog.
  3143 | D:5      | Found an opulent altar of Gozag.
  3143 | D:5      | Found a white marble altar of Elyvilon.
  3143 | D:5      | Found a deep blue altar of Sif Muna.
  3167 | D:5      | Found Ismua's Food Shop.
  3340 | D:5      | Noticed a dagger
  3341 | D:5      | Noticed a dagger
  3508 | D:5      | Found a hide-covered altar of Uskayaw.
  3765 | D:6      | Noticed 5yph0n's ghost (novice FoFi)
  3776 | D:6      | Killed 5yph0n's ghost
  3776 | D:6      | Reached * piety under Okawaru
  3776 | D:6      | Reached ** piety under Okawaru
  3776 | D:6      | Reached skill level 5 in Maces & Flails
  3776 | D:6      | Reached XP level 8. HP: 23/51 MP: 8/8
  3866 | D:6      | Found Eboy's General Store.
  4112 | D:6      | Noticed Dowan
  4114 | D:6      | Noticed Duvessa
  4255 | D:6      | Killed Duvessa
  4331 | D:6      | Killed Dowan
  4331 | D:6      | Reached XP level 9. HP: 42/57 MP: 9/9
  4603 | D:6      | Found a blossoming altar of Fedhas.
  5202 | D:7      | Found a basalt altar of Yredelemnul.
  5304 | D:7      | Reached *** piety under Okawaru
  5911 | D:8      | Reached **** piety under Okawaru
  5927 | D:8      | Reached XP level 10. HP: 44/64 MP: 10/10
  6020 | D:8      | Found a snail-covered altar of Cheibriados.
  6076 | D:8      | Found a shadowy altar of Dithmenos.
  6642 | D:9      | Found a glowing silver altar of Zin.
  6642 | D:9      | Noticed a two-headed ogre
  6659 | D:9      | Killed a two-headed ogre
  7506 | D:9      | Found an ancient bone altar of Kikubaaqudgha.
  7744 | D:10     | Entered Level 10 of the Dungeon
  7808 | D:10     | Reached ***** piety under Okawaru
  7927 | D:10     | Found a staircase to the Lair.
  8091 | D:10     | Noticed Erolcha
  8123 | D:10     | Killed Erolcha
  8123 | D:10     | Reached XP level 11. HP: 34/72 MP: 11/11
  8492 | D:10     | Noticed a two-headed ogre
  8512 | D:10     | Killed a two-headed ogre
  8512 | D:10     | Reached skill level 10 in Fighting
  8512 | D:10     | Reached skill level 10 in Armour
  8740 | D:10     | Got a scintillating lead ring
  8742 | D:10     | Identified the ring "Qiraezai" {rElec Str+2 Dex+3} (You found it on level 10 of the Dungeon)
  8860 | D:10     | Upgraded the game from 0.20-a0-421-gf6b327c to 0.20-a0-432-g25cc1b4
  8868 | D:11     | Reached skill level 10 in Shields
  8910 | D:11     | Received a gift from Okawaru
  8925 | D:11     | Noticed a cyclops
  8941 | D:11     | Killed a cyclops
  9166 | D:11     | Noticed a two-headed ogre
  9177 | D:11     | Killed a two-headed ogre
  9336 | D:11     | Noticed Sonja
  9354 | D:11     | Cast into level 2 of the Abyss (Sonja)
  9387 | Abyss:2  | Noticed a sixfirhy
  9390 | Abyss:2  | Noticed a bone dragon
  9415 | Abyss:2  | Noticed a wretched star
  9427 | Abyss:2  | Killed from afar by a wretched star

Vault maps used:
D:1:      minmay_arrival_wavy_path
D:2:      lemuel_coloured_pillars_altar, marbit_many_paths, tgw_xom
D:3:      chequers_ecumenical_altar_grove, nicolae_ru_path_of_blood
D:4:      vehumet_crystals
D:5:      dancing_weapons_uskayaw, minitemple, first_bread, serial_shops,
          shop_fountains, minmay_misc_feat_encased, st_stairs_7
D:6:      serial_shops, shop_fountains, fedhas_altar_3, uniq_duvessa
D:7:      lemuel_crystal_altar
D:8:      slow_altar_1, grunt_dithmenos_shadows
D:9:      lemuel_doored_altar, basic_altar, kennysheep_another_room
D:10:     lair_entry_dummy, the_bakery, uniq_erolcha
D:11:     uniq_sonja, uniq_urug, uniq_snorg
Temple:   nicolae_temple_figure_zero
Abyss:2:  hangedman_shadowy_showcase

Skill      XL: |  1  2  3  4  5  6  7  8  9 10 11 |
---------------+----------------------------------+-----
Armour         | 4 5 6 8 9 10 | 10.3
Shields        | 4 5 6 7 8 9 10 | 10.3
Fighting       | 4 5 6 7 8 9 10 | 10.3
Maces & Flails | 3 5 7 8 9 |  9.1

Action                   |  1- 3 |  4- 6 |  7- 9 | 10-12 || total
-------------------------+-------+-------+-------+-------++-------
Melee: Flail             |   169 |   117 |       |       ||   286
       Morningstar       |       |    77 |   378 |   463 ||   918
  Use: Scroll            |     8 |     6 |     2 |     4 ||    20
       Potion            |       |       |     2 |       ||     2
  Eat: Bread ration      |     1 |       |     1 |     3 ||     5
       Meat ration       |       |     1 |     1 |       ||     2
       Royal jelly       |       |       |     1 |       ||     1
       Chunk             |       |       |     1 |       ||     1
       Beef jerky        |       |       |       |     1 ||     1
Armor: Scale mail        |   129 |    98 |   107 |       ||   334
       Plate armour      |       |       |    92 |   350 ||   442
       Chain mail        |       |       |    12 |       ||    12
Dodge: Dodged            |    73 |    82 |   160 |   159 ||   474
Block: Shield            |   119 |   107 |   266 |   358 ||   850
